 Dungeon Crawl Stone Soup version 0.14-a0-1546-g4b4961f (webtiles) character file.

8489 M4edhros the Hoplite (level 11, -9/67 HPs)
             Began as an Octopode Chaos Knight on Dec 19, 2013.
             Was a Plaything of Xom.
             Mangled by a troll (14 damage)
             ... on Level 9 of the Dungeon.
             The game lasted 00:42:18 (13661 turns).

M4edhros the Hoplite (Octopode Chaos Knight)       Turns: 13661, Time: 00:42:19

HP  -9/67        AC  2     Str  7 (9)  XL: 11   Next: 30%
MP  11/11        EV 15     Int 19      God: Xom
Gold 76          SH 24     Dex 11      Spells:  4 memorised,  3 levels left

rFire  + . .     SeeInvis .     K - +2,+7 spear of Fedhas' Displeasure {drain, rElec rF+ rC+ rN+ Str-4}
rCold  + + .     Clarity  .     m - +0 shield
rNeg   + . .     Conserve .     C - +1 wizard hat
rPois  .         rCorr    .     (no amulet)
rElec  +         rRot     .     f - ring of protection from fire
SustAb . .       Spirit   .     z - ring of ice
rMut   .         Warding  .     (no ring)
Saprov . . .     Stasis   .     (no ring)
                                (no ring)
                                (no ring)
                                (no ring)
                                (no ring)

@: very slightly contaminated, hasted, drained, very quick, somewhat resistant
to hostile enchantments, fairly stealthy
A: almost no armour, amphibious, 8 rings, constrict 8, antennae 2, spike 1,
camouflage 1, strong 1, gelatinous body 1, evolution 1
a: Renounce Religion


You were on level 9 of the Dungeon.
You worshipped Xom.
You were a toy of Xom.
You were hungry.

You visited 1 branch of the dungeon, and saw 11 of its levels.
You also visited: Sewer.

You collected 392 gold pieces.
You spent 316 gold pieces at shops.

Inventory:

Hand weapons
 a - a +0,+0 spear of chaos
 d - a +0,+4 sling of flame
 r - a +3,+1 sling
 K - the +2,+7 spear of Fedhas' Displeasure (weapon) {drain, rElec rF+ rC+ rN+ Str-4}
   (You found it on level 8 of the Dungeon)

   A truly terrible weapon, it drains the life of those it strikes.
   It affects your strength (-4).
   It protects you from fire.
   It protects you from cold.
   It insulates you from electricity.
   It protects you from negative energy.
Missiles
 p - 76 stones (quivered)
 s - 63 sling bullets
Armour
 m - a +0 shield (worn)
 C - a +1 wizard hat (worn)
Magical devices
 b - a wand of digging (13)
 F - a wand of hasting (3)
Comestibles
 c - a bread ration
 l - 4 chokos
 n - 2 pears
 w - 2 meat rations
 x - 14 strawberries
 E - 5 beef jerkies
 G - 2 apples
 I - a rambutan
Scrolls
 g - 2 scrolls of recharging
 h - 3 scrolls of identify
 i - a scroll of silence {unknown}
 j - a scroll of magic mapping
 t - 2 scrolls of fog
 u - a scroll of blinking
 H - 6 scrolls of remove curse
Jewellery
 f - a ring of protection from fire (left tentacle)
 z - a ring of ice (right tentacle)
Books
 k - a book of Spatial Translocations

   Spells                             Type                      Level
   *Apportation                       Translocation                1
   *Portal Projectile                 Translocation                2
   *Blink                             Translocation                2
   Shroud of Golubria                 Charms/Translocation         2
   Teleport Other                     Translocation                3
   Passage of Golubria                Translocation                4
 o - a book of Alchemy

   Spells                             Type                      Level
   Lethal Infusion                    Charms/Necromancy            2
   Sublimation of Blood               Necromancy                   2
   Condensation Shield                Ice                          4
   Alistair's Intoxication            Transmutation/Poison         4
   Petrify                            Transmutation/Earth          4
   Ignite Poison                      Fire/Transmutation           5
 v - a book of Death

   Spells                             Type                      Level
   *Corpse Rot                        Necromancy                   2
   Sublimation of Blood               Necromancy                   2
   Agony                              Necromancy                   5
   Dispel Undead                      Necromancy                   5
   Excruciating Wounds                Charms/Necromancy            5
   Bolt of Draining                   Conjuration/Necromancy       5
Magical staves
 e - an uncursed staff of death
Miscellaneous
 y - a crystal ball of energy


   Skills:
 - Level 3.0(2.8) Fighting
 - Level 7.1(6.8) Polearms
 - Level 7.5(7.2) Dodging
 + Level 14.8(14.5) Shields


You had 3 spell levels left.
You knew the following spells:

 Your Spells              Type           Power        Failure   Level  Hunger
a - Blink                 Tloc           N/A          30%         2    ###....
b - Apportation           Tloc           #.........   21%         1    ##.....
c - Corpse Rot            Necr           N/A          30%         2    ###....
d - Portal Projectile     Tloc           #.....       30%         2    ###....


Dungeon Overview and Level Annotations

Branches:
Dungeon (11/16)            Temple (0/1) D:7
    Orc: D:9-12        Lair: D:8-11

Altars:
Ashenzari
Makhleb
Nemelex Xobeh
Okawaru
Trog
Vehumet
Beogh

Shops:
D:5 [   D:6 *   D:9 (


Innate Abilities, Weirdness & Mutations

You cannot wear most types of armour.
You are amphibious.
You can wear up to eight rings at the same time.
You can use your tentacles to constrict many enemies at once.
Your skin changes colour to match your surroundings (Stlth).
Your rubbery body absorbs attacks (AC +1).
You have a pair of antennae on your head.
One of your tentacles bears a spike.
Your muscles are strong. (Str +2)
You evolve.


Message History

The troll is lightly wounded.
You block the troll's attack. The troll barely misses you. The troll claws you!
You hit the troll.
Your tentacle spike misses the troll.
The troll is lightly wounded.
You hit the troll.
You pierce the troll, but do no damage.
The troll is moderately wounded.
The troll barely misses you. You block the troll's attack. The troll claws you.
You hit the troll but do no damage. You drain the troll!
The troll is moderately wounded.
You block the troll's attack. The troll claws you! The troll claws you!
* * * LOW HITPOINT WARNING * * *
Evoke which item? (* to show all) (? for menu, Esc to quit)
Zapping:
F - a wand of hasting (4)
Press: ? - help, Shift-Dir - straight line, f - you You feel yourself speed up.
You are very lightly contaminated with residual magic.
This wand has 3 charges left.
The troll bites you!
* * * LOW HITPOINT WARNING * * *
The troll barely misses you. The troll claws you!
You die...

##...%.........##
##.........).....##
##............(....##
##.............).....##
##..)..................##
##.......................##
#.........................##
...........................##
................@T..........##
.............................##
..............................##
....((.........................#
.....)....#.....................#
.........###.....................
..........#.%....................
...(.....).......................
....................#............


You could see a troll.

Vanquished Creatures
  Joseph (D:7)
  A hill giant (D:9)
  Prince Ribbit (D:5)
  A wraith (D:10)
  Eustachio (D:8)
  Grum (D:9)
  A basilisk (D:10)
  Menkaure (D:7)
  A hungry ghost (D:11)
  2 wolves (D:9)
  3 porcupines (D:10)
  2 orc warriors
  A naga (D:8)
  3 phantoms
  3 sky beasts
  A yellow wasp (D:7)
  3 centaurs
  An ice beast (D:10)
  5 ogres
  A giant frog (D:6)
  A manticore (D:11)
  A gnoll sergeant (D:7)
  A wyvern skeleton (D:7)
  8 wights
  2 killer bees (D:7)
  2 yak skeletons
  A crocodile (D:10)
  7 crimson imps
  A giant frog skeleton (D:10)
  2 goliath beetles
  2 quasits
  6 iguanas
  8 hounds
  3 orc priests
  A jelly (D:7)
  An eye of draining (D:9)
  13 orc wizards
  4 worker ants
  Ijyb (D:7)
  Terence (D:3)
  3 green rats
  4 scorpions
  9 adders
  3 gnolls (D:7)
  4 giant centipedes
  7 giant mites
  An inept item mimic (D:6)
  A white imp (D:3)
  6 worms
  An iguana skeleton (D:6)
  3 giant eyeballs
  A grey rat (D:3)
  6 giant geckos
  4 oozes
  32 orcs
  4 ball pythons
  A bat skeleton (D:7)
  9 giant cockroaches
  15 hobgoblins
  13 jackals
  15 kobolds
  25 bats
  A giant gecko zombie (D:8)
  10 giant newts
  13 goblins
  A hobgoblin skeleton (D:6)
  6 quokkas
  A quokka zombie (D:5)
  13 rats
  2 rat skeletons
  4 ballistomycetes (D:7)
318 creatures vanquished.

Vanquished Creatures (collateral kills)
  A mottled dragon (D:11)
  A hound (D:5)
  A jelly (D:11)
3 creatures vanquished.

Vanquished Creatures (others)
  An ice beast (D:9)
  A quasit (D:4)
  An iron imp (D:7)
  2 ufetubi
  2 giant spores (D:7)
7 creatures vanquished.

Grand Total: 328 creatures vanquished

Notes
Turn   | Place    | Note
--------------------------------------------------------------
     0 | D:1      | M4edhros, the Octopode Chaos Knight, began the quest for the Orb.
     0 | D:1      | Reached XP level 1. HP: 16/16 MP: 1/1
    48 | D:1      | Reached XP level 2. HP: 19/21 MP: 2/2
    77 | D:1      | Found a roughly hewn altar of Beogh.
    77 | D:1      | Noticed an orc warrior
    77 | D:1      | Noticed an orc wizard
    78 | D:1      | Noticed an orc wizard
   294 | D:1      | XOM: potion effect (might)
   562 | D:1      | XOM: harmless Chrm miscast
   735 | D:1      | Reached skill level 4 in Polearms
  1091 | D:2      | Reached XP level 3. HP: 26/26 MP: 3/3
  1128 | D:2      | XOM: divination: detect items
  1355 | D:2      | Reached XP level 4. HP: 29/31 MP: 4/4
  1518 | D:2      | Reached skill level 5 in Polearms
  1715 | D:2      | XOM: mild Erth miscast
  1889 | D:3      | Paralysed by a potion of paralysis for 5 turns
  2022 | D:3      | XOM: potion effect (invisibility)
  2347 | D:3      | Noticed Terence
  2408 | D:3      | XOM: blink monster(s)
  2410 | D:3      | Killed Terence
  2412 | D:3      | Reached XP level 5. HP: 18/36 MP: 5/5
  2701 | D:3      | XOM: summons 2 hostile demons
  2711 | D:3      | XOM: silly message
  2805 | D:3      | Found a glowing drain.
  2858 | Sewer    | Entered a sewer
  3154 | Sewer    | Reached skill level 6 in Polearms
  3365 | Sewer    | XOM: harmless Ice miscast
  3416 | Sewer    | XOM: noise
  3511 | Sewer    | XOM: silly message
  3767 | D:3      | XOM: god gift: bread ration
  3862 | D:3      | XOM: give mutations
  3862 | D:3      | Gained mutation: You evolve. [Xom's grace]
  3862 | D:3      | Gained mutation: One of your tentacles bears a spike. [Xom's grace]
  3862 | D:3      | Gained mutation: You have a pair of small antennae on your head. [Xom's grace]
  4260 | D:3      | XOM: noise
  4322 | D:3      | Gained mutation: You have supernaturally acute eyesight. [evolution]
  4380 | D:3      | Reached XP level 6. HP: 40/42 MP: 6/6
  4481 | D:4      | Found an iron altar of Okawaru.
  4602 | D:4      | XOM: summons 3 friendly demons
  4640 | D:4      | Reached skill level 7 in Polearms
  4868 | D:4      | Gained mutation: Your muscles are strong. (Str +2) [evolution]
  5067 | D:4      | Reached XP level 7. HP: 26/46 MP: 7/7
  5112 | D:4      | XOM: god gift: scroll labeled OBUICK YPARU
  5217 | D:4      | Identified a scroll of acquirement
  5355 | D:5      | Entered Level 5 of the Dungeon
  5582 | D:5      | Found a sparkling altar of Nemelex Xobeh.
  5608 | D:5      | Noticed Prince Ribbit
  5621 | D:5      | Killed Prince Ribbit
  5621 | D:5      | Reached skill level 5 in Dodging
  5680 | D:5      | Found Ehophecs' Armour Boutique.
  5680 | D:5      | XOM: 8-stop teleportation journey
  5749 | D:5      | Bought a +0 shield for 55 gold pieces
  5803 | D:5      | XOM: cast spell 'Ring of Flames'
  5806 | D:5      | Reached XP level 8. HP: 33/52 MP: 8/8
  5909 | D:5      | XOM: summons 8 friendly demons
  5917 | D:5      | Found a burning altar of Makhleb.
  6043 | D:5      | Reached skill level 1 in Shields
  6142 | D:6      | Found Dunaarum's Assorted Antiques.
  6155 | D:6      | Bought 2 potions of heal wounds for 174 gold pieces
  6370 | D:6      | XOM: divination: detect creatures
  6668 | D:6      | Reached skill level 5 in Shields
  6751 | D:6      | XOM: god gift: brass wand {god gift}
  6800 | D:5      | XOM: polymorph orc -> goblin
  6804 | D:6      | XOM: enchant monster (good)
  6976 | D:5      | XOM: harmless Chrm miscast
  6993 | D:5      | Reached XP level 9. HP: 54/56 MP: 9/9
  6995 | D:5      | Gained mutation: You have a pair of antennae on your head. [evolution]
  7017 | D:5      | Learned a level 2 spell: Blink
  7020 | D:5      | Lost mutation: You have supernaturally acute eyesight. [mutagenic meat]
  7502 | D:6      | XOM: god gift: scroll of curse armour
  7544 | D:7      | XOM: 2-stop teleportation journey
  7565 | D:7      | Noticed Menkaure
  7568 | D:7      | XOM: inner flame monster(s)
  7574 | D:7      | Killed Menkaure
  7578 | D:7      | XOM: potion effect (experience)
  7578 | D:7      | Reached skill level 12 in Shields
  7578 | D:7      | Reached XP level 10. HP: 43/63 MP: 10/10
  7595 | D:7      | Reached skill level 13 in Shields
  7970 | D:7      | Learned a level 1 spell: Apportation
  7973 | D:7      | Learned a level 2 spell: Corpse Rot
  7976 | D:7      | Learned a level 2 spell: Portal Projectile
  8254 | D:7      | XOM: god gift: twisted copper wand {god gift}
  8289 | D:7      | XOM: 1-stop teleportation journey
  8313 | D:7      | Noticed Joseph
  8402 | D:7      | XOM: summons friendly iron imp
  8403 | D:7      | XOM: divination: magic mapping
  8411 | D:7      | Killed Joseph
  8525 | D:7      | XOM: vitrification
  8557 | D:7      | XOM: god gift: jade ring {god gift}
  8591 | D:7      | Found a staircase to the Ecumenical Temple.
  8620 | D:7      | Paralysed by a giant eyeball for 2 turns
  9069 | D:7      | Found a bloodstained altar of Trog.
  9088 | D:7      | Noticed Ijyb
  9102 | D:7      | Killed Ijyb
  9298 | D:7      | XOM: inner flame monster(s)
  9901 | D:8      | XOM: polymorph sky beast -> naga
 10163 | D:6      | XOM: polymorph orc -> giant mite
 10434 | D:6      | XOM: summons friendly ufetubus
 10530 | D:6      | Bought a potion of heal wounds for 87 gold pieces
 10617 | D:7      | XOM: god gift: falchion {god gift}
 10731 | D:7      | XOM: enchant monster (good)
 11110 | D:8      | Noticed Eustachio
 11127 | D:8      | Killed Eustachio
 11194 | D:8      | XOM: divination: detect creatures
 11360 | D:8      | Got a faintly glowing spear
 11361 | D:8      | Identified the +2,+7 spear of Fedhas' Displeasure {drain, rElec rF+ rC+ rN+ Str-4} (You found it on level 8 of the Dungeon)
 11458 | D:9      | XOM: summons friendly ufetubus
 11461 | D:9      | Noticed Grum
 11462 | D:9      | XOM: cast spell 'Summon Ice Beast'
 11463 | D:9      | Noticed a hill giant
 11464 | D:9      | XOM: inner flame monster(s)
 11476 | D:9      | XOM: cast spell 'Ice Form'
 11690 | D:8      | You fall through a shaft for 3 floors!
 11699 | D:11     | Reached skill level 14 in Shields
 11863 | D:11     | Found a shattered altar of Ashenzari.
 11879 | D:11     | Paralysed by a giant eyeball for 3 turns
 11916 | D:11     | Reached XP level 11. HP: 55/67 MP: 11/11
 11954 | D:11     | XOM: summons 4 friendly demons
 12057 | D:11     | XOM: medium Fire miscast
 12202 | D:10     | Entered Level 10 of the Dungeon
 12213 | D:10     | XOM: confusion
 12220 | D:10     | XOM: silly message
 12417 | D:10     | Found a radiant altar of Vehumet.
 12444 | D:10     | Noticed a hill giant
 12899 | D:10     | XOM: harmless Tloc miscast
 12942 | D:9      | Gained mutation: You are agile. (Dex +2) [mutagenic meat]
 13252 | D:9      | Killed Grum
 13315 | D:9      | Lost mutation: You are agile. (Dex +2) [evolution]
 13318 | D:9      | XOM: confuse monster(s)
 13320 | D:9      | Killed a hill giant
 13617 | D:9      | Found Luvak's Antique Weapon Shoppe.
 13661 | D:9      | Mangled by a troll

Action                   |  1- 3 |  4- 6 |  7- 9 | 10-12 || total
-------------------------+-------+-------+-------+-------++-------
Melee: Spear             |    87 |   264 |   246 |   269 ||   866
       Trident           |       |       |       |   295 ||   295
 Fire: Sling             |       |       |       |    54 ||    54
 Cast: Blink             |       |       |     4 |       ||     4
       Portal Projectile |       |       |       |     1 ||     1
Evoke: Wand              |       |     1 |     4 |    19 ||    24
  Use: Potion            |     3 |     7 |     2 |     9 ||    21
       Scroll            |       |    11 |     6 |    14 ||    31
 Stab: Sleeping          |    10 |    10 |     3 |     1 ||    24
       Paralysed         |     4 |       |       |     7 ||    11
       Invisible         |       |     1 |       |       ||     1
       Petrified         |       |     2 |       |       ||     2
       Petrifying        |       |     2 |       |       ||     2
       Distracted        |       |     2 |       |     1 ||     3
       Confused          |       |       |     3 |     2 ||     5
       Fleeing           |       |       |       |     1 ||     1
